 Dungeon Crawl Stone Soup version 0.32-a0-450-g080537f31e (webtiles) character file.

Game seed: 3402115156323288857

63 Persephone the Trooper (level 3, -2/35 HPs)
             Began as a Minotaur Brigand on Feb 23, 2024.
             Was an Initiate of Gozag.
             Slain by an ogre
             ... wielding a +0 giant club
              (21 damage)
             ... on level 4 of the Dungeon.
             The game lasted 00:02:36 (1558 turns).

Persephone the Trooper (Minotaur Brigand)           Turns: 1558, Time: 00:02:37

Health: -2/35      AC:  9    Str: 17    XL:     3   Next: 89%
Magic:  2/2        EV: 12    Int:  8    God:    Gozag
Gold:   22         SH:  0    Dex: 11    Spells: 2/2 levels left

rFire   . . .        l - +0 whip
rCold   . . .        (no shield)
rNeg    . . .        m - +0 chain mail
rPois   .            (helmet restricted)
rElec   .            c - +0 cloak
rCorr   .            (no gloves)
SInv    .            (no boots)
Will    .....        (no amulet) Stlth
                     i - +5 ring of evasion
HPRegen 0.25/turn    (no ring)
MPRegen 0.08/turn

%: no passive effects
@: no status effects
A: horns 2, retaliatory headbutt
a: Renounce Religion, Potion Petition, Call Merchant, Bribe Branch


You were on level 4 of the Dungeon.
You worshipped Gozag.
Gozag was noncommittal.
You visited 2 branches of the dungeon, and saw 4 of its levels.

You collected 51 gold pieces.
You paid 29 gold pieces to Gozag.

Inventory:

Hand Weapons
 l - a +0 whip (weapon)
Missiles
 d - 9 poisoned darts (quivered)
 e - 3 curare-tipped darts
Armour
 b - a +0 robe
 c - a +0 cloak (worn)
 k - a +0 ring mail
 m - a +0 chain mail (worn)
Jewellery
 i - a +5 ring of evasion (left hand)
Scrolls
 a - a scroll of noise {unknown}
 g - a scroll of fear {unknown}
 h - 3 scrolls of teleportation {unknown}
 j - a scroll of brand weapon {unknown}
 n - a scroll of immolation {unknown}
Potions
 f - a potion of haste {unknown}


   Skills:
 + Level 4.8 Fighting
 - Level 2.1 Short Blades
 + Level 1.4 Maces & Flails
 - Level 2.0 Throwing
 - Level 1.1 Dodging
 - Level 3.2 Stealth


You had 2 spell levels left.
You didn't know any spells.
Your spell library contained the following spells:

 Spells                   Type           Power      Damage    Failure   Level
 Cigotuvi's Dreadful Rot  Necr/Alch/Air  0%         N/A       100%        2
 Dispel Undead            Necr           0%         3d6       100%        4
 Martyr's Knell           Necr/Summ      0%         N/A       100%        4
 Death Channel            Necr           0%         N/A       100%        6


Dungeon Overview and Level Annotations

Branches:
Dungeon (4/15)             Temple (1/1) D:4

Altars:
Ashenzari
Cheibriados
Dithmenos
Elyvilon
Fedhas
Gozag
Makhleb
Nemelex Xobeh
Okawaru
Qazlal
Ru
Sif Muna
Wu Jian
Xom
Zin


Innate Abilities, Weirdness & Mutations

You have a pair of horns on your head.
You reflexively headbutt those who attack you in melee.


Message History

A ball python comes into view.
The ball python hisses angrily.
The ball python bites you but does no damage.
The ball python grabs you. The ball python constricts you.
You barely miss the ball python.
The ball python bites you but does no damage.
The ball python constricts you.
You hit the ball python.
The ball python is moderately wounded.
The ball python barely misses you. You furiously retaliate!
You headbutt the ball python!
You kill the ball python!
Auto kill stopped - Too dangerous: Extremely Dangerous (1) Dangerous (0) Easy (0) Harmless (0)
An ogre comes into view. It is wielding a +0 giant club.
The ogre shouts!
A dart slug comes into view.
There is a staircase to the Ecumenical Temple here.
You can't go up here!
You climb downwards.
Welcome to the Ecumenical Temple!
Found seven altars.
There is a staircase back to the Dungeon here.
Found four altars.
There is an opulent altar of Gozag here.
You kneel at the altar of Gozag.
Gozag welcomes you!
You pay a service fee of 29 gold.
There is a staircase back to the Dungeon here.
You climb upwards.
Welcome back to the Dungeon!
The ogre closely misses you.
There is a staircase to the Ecumenical Temple here.
You hit the ogre but do no damage. The ogre closely misses you.
You hit the ogre.
The ogre is lightly wounded.
The ogre hits you with a +0 giant club!
You barely miss the ogre.
The ogre is lightly wounded.
You closely miss the ogre. You headbutt the ogre.
The ogre is moderately wounded.
The ogre hits you with a +0 giant club!!
Ouch! That really hurt!
You die...
Your body crumbles into a pile of gold.

#.####..............
####.####.........
#.....##..........
#.##.##.##.##.......
#.#.........#.......
#.............#....
#.#..⌠...⌠..#.#.###
#+#...O.....#.# .
.......@......# #
..#..(......###
..#..⌠...⌠..######+
...................
###.........##.....
##.##.##.## .... #.
#w#..# ... # #.
#...## .. ... ###.#
.


You could see an ogre and a dart slug.

Vanquished Creatures
  An adder (D:4)
  2 dart slugs
  3 ball pythons
  An endoplasm (D:1)
  3 giant cockroaches
  6 hobgoblins
  12 jackals
  4 quokkas
  5 bats
  4 frilled lizards
  A goblin (D:2)
  2 kobolds (D:1)
44 creatures vanquished.

Notes
Turn   | Place    | Note
-------+----------+-------------------------------------------
     0 | D:1      | Persephone the Minotaur Brigand began the quest for the
                  | Orb.
     0 | D:1      | Reached XP level 1. HP: 18/18 MP: 0/0
    44 | D:1      | Reached skill level 3 in Fighting
   271 | D:1      | Reached XP level 2. HP: 18/26 MP: 1/1
   425 | D:1      | Reached skill level 4 in Fighting
   652 | D:1      | Reached XP level 3. HP: 33/33 MP: 2/2
  1325 | D:2      | Reached skill level 1 in Maces & Flails
  1449 | D:2      | You fall into a shaft and drop 2 floors!
  1481 | D:4      | Found a staircase to the Ecumenical Temple.
  1527 | D:4      | Noticed an ogre
  1541 | Temple   | Entered the Ecumenical Temple
  1547 | Temple   | Became a worshipper of Gozag Ym Sagoz the Greedy
  1558 | D:4      | Slain by an ogre

Illustrated notes

Levels and vault maps discovered:
D:1:      scummos_arrival_star, layout_loops_corners, grunt_decor_junction
D:2:      layout_basic
D:4:      layout_basic, minmay_temple_entry_large_hall, minivault_26
Temple:   hellmonk_temple_two_chambers

Skill      XL: |  1  2  3 |
---------------+----------+-----
Fighting       | 3 4 |  4.8
Maces & Flails | 1 |  1.4
Short Blades   | |  2.1
Throwing       | |  2.0
Dodging        | |  1.1
Stealth        | |  3.2

Action                     || total
---------------------------++-------
  Melee: Dagger            ||    72
         Headbutt          ||    19
         Whip              ||    73
   Stab: Sleeping          ||     1
 Armour: Robe              ||    39
         Ring mail         ||     9
         Chain mail        ||    35
  Dodge: Dodged            ||   119

Table legend: (Time is in decaauts)
 A = Elapsed time spent in this place.
 B = Non-inter-level travel time spent in this place.
 C = Inter-level travel time spent in this place.
 D = Time resting spent in this place.
 E = Time spent auto-exploring this place.
 F = Levels seen in this place.
 G = Mean time per level.
                   A        B        C        D        E       F      G
               +--------+--------+--------+--------+--------+-----+--------+
         Total |   1554 |   1441 |    113 |      0 |   1109 |   4 |  388.5 |
       Dungeon |   1541 |   1428 |    113 |      0 |   1109 |   3 |  513.7 |
        Temple |     12 |     12 |      0 |      0 |      0 |   1 |   12.0 |
               +--------+--------+--------+--------+--------+-----+--------+

Top non-repeatable levels by time:
     D:1: 1091 daAuts
     D:2: 352 daAuts
     D:4: 96 daAuts
  Temple: 12 daAuts
